 Dungeon Crawl Stone Soup version 0.27.1-2-g3b301248ec (webtiles) character file.

Game seed: 3665704074748196026

48880 Amplified the Spry (level 14, -2/119 HPs)
             Began as a Merfolk Fighter on Sept 23, 2021.
             Was the Champion of Trog.
             Slain by a manticore (9 damage)
             ... while petrified by a catoblepas
             ... on level 6 of the Lair of Beasts.
             The game lasted 00:24:35 (18255 turns).

Amplified the Spry (Merfolk Fighter)               Turns: 18255, Time: 00:24:36

Health: -2/119     AC: 14    Str: 21    XL:     14   Next: 48%
Magic:  14/14      EV:  2    Int: 11    God:    Trog [******]
Gold:   1472       SH:  0    Dex: 24    Spells: 13/13 levels left

rFire    + . .     SeeInvis .   u - +5 demon trident (flame)
rCold    + . .     Faith    .   c - +0 kite shield
rNeg     + + +     Spirit   .   K - +2 scale mail {rC+}
rPois    ∞         Reflect  .   g - +0 helmet
rElec    .         Harm     .   G - +0 cloak
rCorr    .         Rampage  .   p - +0 pair of gloves
Will     +....                  y - +0 pair of boots
Stlth    +.........             M - amulet of the acrobat
HPRegen  0.29/turn              z - +4 ring of evasion
MPRegen  0.14/turn              n - ring "Feoli" {rPois rF+ Str+4 Int+4 Dex+6}

@: about to teleport, petrified, on berserk cooldown, slowed
A: (nimble swimmer 2), mertail
a: Renounce Religion, Berserk, Trog's Hand, Brothers in Arms


You were on level 6 of the Lair of Beasts.
You worshipped Trog.
Trog was exalted by your worship.
You visited 2 branches of the dungeon, and saw 18 of its levels.
You also visited: Sewer and Ice Cave.

You collected 1472 gold pieces.

Inventory:

Hand Weapons
 u - a +5 demon trident of flaming (weapon)
 L - a +2 demon trident of freezing
 P - the +9 halberd of Ulehicsa {vorpal, *Slow rCorr Dex+2 Stlth+}
   (Trog gifted it to you on level 2 of the Lair of Beasts)

   It inflicts extra damage upon your enemies.
   Dex:       It affects your dexterity (+2).
   rCorr:     It protects you from acid and corrosion.
   *Slow:     It may slow you when you take damage.
   Stlth:     It makes you more stealthy.
 T - a +1 eveningstar of protection
Missiles
 i - 6 curare-tipped darts (quivered)
 m - 136 poisoned darts
Armour
 c - a +0 kite shield (worn)
 g - a +0 helmet (worn)
 l - +0 ice dragon scales
 p - a +0 pair of gloves (worn)
 r - a +1 ring mail of fire resistance
 y - a +0 pair of boots (worn)
 C - +0 acid dragon scales
 G - a +0 cloak (worn)
 H - a +0 leather armour of willpower
 I - a +0 tower shield of cold resistance
 K - a +2 scale mail of cold resistance (worn)
Jewellery
 b - a ring of positive energy
 h - a +6 ring of intelligence
 n - the ring "Feoli" (right hand) {rPois rF+ Str+4 Int+4 Dex+6}
   (You acquired it on level 5 of the Dungeon)

   [ring of dexterity]

   Str:       It affects your strength (+4).
   Int:       It affects your intelligence (+4).
   Dex:       It affects your dexterity (+6).
   rF:        It protects you from fire.
   rPois:     It protects you from poison.
 x - a ring of flight
 z - a +4 ring of evasion (left hand)
 M - an amulet of the acrobat (around neck)
Wands
 d - a wand of flame (18)
 j - a wand of acid (32)
 s - a wand of mindburst (12)
 t - a wand of charming (9)
Scrolls
 e - a scroll of fog
 v - 4 scrolls of teleportation
 A - 8 scrolls of identify
 E - a scroll of immolation
 J - a scroll of silence
 N - a scroll of fear
 O - a scroll of acquirement
Potions
 a - 3 potions of magic
 f - 2 potions of flight
 k - a potion of haste
 o - 5 potions of attraction
 B - a potion of ambrosia
 D - 2 potions of curing
 F - a potion of lignification
 Q - a potion of might
 R - 2 potions of resistance
 S - a potion of heal wounds
Miscellaneous
 q - a tin of tremorstones (1/2)


   Skills:
 * Level 13.7 Fighting
 - Level 14.7 Polearms
 - Level 4.9 Armour
 * Level 15.4 Dodging
 * Level 12.7 Shields
 * Level 3.3 Evocations


You had 13 spell levels left.
You didn't know any spells.
Your spell library contained the following spells:

 Spells                   Type           Power      Damage    Failure   Level
 Shock                    Conj/Air       0%         1d3       77%         1
 Corpse Rot               Necr/Air       N/A        N/A       88%         2
 Slow                     Hex            0%         N/A       88%         2
 Confusing Touch          Hex            0%         N/A       98%         3
 Conjure Flame            Conj/Fire      0%         6-21      98%         3
 Dazzling Flash           Conj/Hex       0%         N/A       98%         3
 Ignite Poison            Fire/Tmut/Pois 0%         N/A       98%         3
 Swiftness                Air            0%         N/A       98%         3
 Vampiric Draining        Necr           0%         2d6       98%         3
 Airstrike                Air            0%         N/A       100%        4
 Animate Dead             Necr           0%         N/A       100%        4
 Dispel Undead            Necr           0%         3d6       100%        4
 Fulminant Prism          Conj/Hex       0%         3d6       100%        4
 Hailstorm                Conj/Ice       0%         3d3       100%        4
 Ice Form                 Ice/Tmut       0%         N/A       100%        4
 Iskenderun's Mystic Bla  Conj/Tloc      0%         2d3       100%        4
 Sticky Flame             Conj/Fire      0%         2d3       100%        4
 Freezing Cloud           Conj/Ice/Air   0%         6-21      100%        5
 Lee's Rapid Deconstruct  Erth           0%         3d5*      100%        5
 Death Channel            Necr           0%         N/A       100%        6
 Simulacrum               Ice/Necr       0%         N/A       100%        6
 Starburst                Conj/Fire      0%         6d3       100%        6
 Haunt                    Necr/Summ      0%         N/A       100%        7
 Infestation              Necr           0%         N/A       100%        8
 Polar Vortex             Ice            0%         N/A       100%        9


Dungeon Overview and Level Annotations

Branches:
Dungeon (13/15)            Temple (0/1) D:6            Lair (4/6) D:11
 Shoals (0/4) Lair:3        Snake (0/4) Lair:3        Slime (0/5) Lair:6
    Orc (0/2) D:11          Sewer (visited)           IceCv (visited)
 Vaults: D:13-14

Altars:
Ashenzari
Cheibriados
Dithmenos
Gozag
Okawaru
Sif Muna
Trog
Wu Jian
Xom
Yredelemnul
The Shining One
Beogh

Shops:
D:11 :   D:12 (


Innate Abilities, Weirdness & Mutations

((You are quick and stealthy near water. (Stealth+, EV+, Speed+++)))
Your lower body shifts to a powerful aquatic tail in water.


Message History

The catoblepas is severely wounded.
You are engulfed in calcifying dust.
The manticore bites you!
The manticore barely misses you. x2; The yak gores you.
Your limbs are stiffening.
Unknown command.
Unknown command.
Unknown command.
Unknown command.
You hit the catoblepas. You burn the catoblepas.
The catoblepas is severely wounded.
You are engulfed in calcifying dust.
You are no longer berserk.
You are exhausted.
You feel yourself slow down. The catoblepas gores you!!
* * * LOW HITPOINT WARNING * * *
The manticore bites you.
* * * LOW HITPOINT WARNING * * *
The manticore claws you. The manticore claws you!
* * * LOW HITPOINT WARNING * * *
The yak barely misses you.
You hear a bellow!
Unknown command.
Unknown command.
Unknown command.
As you read the scroll of teleportation, it crumbles to dust.
You feel strangely unstable.
You are engulfed in calcifying dust.
Your limbs have turned to stone.
The catoblepas breathes a plume of calcifying dust at you.
The blast of calcifying dust hits you but does no damage.
The manticore bites you but does no damage.
The manticore claws you but does no damage.
The manticore claws you.
* * * LOW HITPOINT WARNING * * *
The catoblepas closely misses you. The manticore barely misses you. x2
The manticore closely misses you. The death yak closely misses you.
You have turned to stone.
You are engulfed in calcifying dust.
The catoblepas gores you!
* * * LOW HITPOINT WARNING * * *
The manticore bites you!!
You die...

***,..***,,,,,,,,
*#.#**,,,,,,*,, #.#
*,,,,,***, #.#
*,,,,** ** #.#
***,,*** * #.#
**,,,** ####.##
***,,** ##HYY..#
**,,,* #@YY#..##
*,..** #Y####..#
*#..,* #####.Y##
*#...,,
#P..Y##*#..#**,
##..Y.Y##..#* **
*** ##Y.8.8Y....#
***,**#.H8....8.###
*,,,,##.....8....##
**,,......P..8..PP#


You could see 2 death yaks, a catoblepas, a manticore and 2 yaks.

Vanquished Creatures
  Josephine (D:10)
  An ice dragon (Lair:2)
  A boulder beetle (D:12)
  3 hydras
  2 ironbound frosthearts (IceCv)
  A two-headed ogre (D:12)
  A tengu warrior (D:9)
  5 death yaks (IceCv)
  Urug (Lair:4)
  A manticore (D:12)
  2 ugly things
  A cyclops (D:12)
  6 slime creatures (D:12)
  5 black mambas
  An ice statue (IceCv)
  A gargoyle (D:12)
  8 cane toads
  An unseen horror (D:12)
  15 komodo dragons
  2 kobold demonologists
  A tengu conjurer (D:9)
  10 polar bears
  4 trolls
  4 blink frogs (Lair:3)
  A snapping turtle (Lair:3)
  Grinder (D:5)
  2 hornets
  7 wyverns
  42 yaks
  7 wraiths
  2 spriggans (Lair:2)
  5 basilisks
  8 vampire mosquitoes
  A steam dragon (D:9)
  An acid dragon (D:13)
  3 nagas (Lair:3)
  12 water moccasins
  2 orc warriors (D:11)
  3 sky beasts
  3 black bears
  An ice beast (D:7)
  2 ogres (D:6)
  43 wolves
  2 phantoms
  5 centaurs
  10 kobold brigands
  9 bullfrogs
  A gnoll sergeant (D:9)
  4 scorpions
  12 killer bees
  4 wights (D:8)
  2 howler monkeys
  2 electric eels
  2 centaur zombies
  A hound (D:4)
  6 orc priests
  A bullfrog skeleton (D:5)
  A gnoll shaman (D:7)
  2 centaur skeletons (D:7)
  9 orc wizards
  10 iguanas
  A killer bee zombie (D:8)
  A hound skeleton (D:4)
  A howler monkey zombie (D:6)
  Robin (D:3)
  A howler monkey skeleton (D:5)
  11 adders
  16 gnolls
  An adder skeleton (D:3)
  2 worms
  A dart slug (D:1)
  42 orcs
  15 ball pythons
  28 endoplasms
  16 giant cockroaches
  16 goblins
  16 hobgoblins
  9 jackals
  50 kobolds
  21 quokkas
  6 bats
  9 frilled lizards
  5 rats
576 creatures vanquished.

Vanquished Creatures (collateral kills)
  The ghost of TangoThomas the Magician, a novice DjEE of Okawaru (D:8)
  A kobold brigand (D:8)
2 creatures vanquished.

Vanquished Creatures (others)
  An orc wizard (D:11)
  8 fungi
  37 plants
46 creatures vanquished.

Grand Total: 624 creatures vanquished

Notes
Turn   | Place    | Note
-------+----------+-------------------------------------------
     0 | D:1      | Amplified the Merfolk Fighter began the quest for the Orb.
     0 | D:1      | Reached XP level 1. HP: 18/18 MP: 1/1
   256 | D:1      | Reached XP level 2. HP: 24/24 MP: 2/2
   333 | D:1      | Reached skill level 1 in Dodging
   984 | D:2      | Reached XP level 3. HP: 29/30 MP: 3/3
  1084 | D:2      | Reached skill level 2 in Dodging
  1171 | D:2      | Reached XP level 4. HP: 11/37 MP: 4/4
  1588 | D:2      | Found a faded altar of an unknown god.
  1608 | D:2      | Became a worshipper of Trog the Wrathful
  1608 | D:2      | Reached * piety under Trog
  2284 | D:3      | Reached XP level 5. HP: 30/42 MP: 5/5
  2309 | D:3      | Reached ** piety under Trog
  2530 | D:3      | Found an opulent altar of Gozag.
  2594 | D:3      | Noticed Robin
  2617 | D:3      | Reached skill level 3 in Dodging
  2651 | D:3      | Killed Robin
  3294 | D:4      | Noticed a phantom
  3310 | D:4      | Killed a phantom
  3311 | D:4      | Reached skill level 5 in Polearms
  3311 | D:4      | Reached XP level 6. HP: 28/49 MP: 6/6
  3440 | D:4      | Reached *** piety under Trog
  3474 | D:4      | Found a glowing golden altar of the Shining One.
  3611 | D:4      | Reached skill level 4 in Dodging
  3634 | D:4      | Found a glowing drain.
  3638 | Sewer    | Entered a sewer
  3873 | Sewer    | Reached skill level 5 in Fighting
  3877 | Sewer    | Reached **** piety under Trog
  3963 | Sewer    | Reached XP level 7. HP: 41/56 MP: 7/7
  4238 | D:4      | Found an ornate altar of the Wu Jian Council.
  4405 | D:4      | Found a snail-covered altar of Cheibriados.
  4406 | D:4      | Found a shimmering blue altar of Sif Muna.
  4489 | D:5      | Entered Level 5 of the Dungeon
  4494 | D:5      | Found an iron altar of Okawaru.
  4712 | D:5      | Reached skill level 5 in Dodging
  4897 | D:5      | Noticed a wyvern
  4903 | D:5      | Killed a wyvern
  4904 | D:5      | Reached skill level 5 in Shields
  4904 | D:5      | Reached XP level 8. HP: 64/64 MP: 8/8
  4996 | D:5      | Noticed Grinder
  4997 | D:5      | Noticed a wraith
  5028 | D:5      | Killed a wraith
  5033 | D:5      | Killed Grinder
  5034 | D:5      | Reached skill level 6 in Dodging
  5352 | D:5      | Found a shimmering altar of Xom.
  5355 | D:5      | Identified a scroll of acquirement
  5356 | D:5      | Acquired the ring "Feoli" {rPois rF+ Str+4 Int+4 Dex+6}
  5601 | D:6      | Found a basalt altar of Yredelemnul.
  5601 | D:6      | Found a shadowy altar of Dithmenos.
  5674 | D:6      | Found a staircase to the Ecumenical Temple.
  5882 | D:6      | Reached skill level 7 in Dodging
  5929 | D:6      | Reached XP level 9. HP: 60/71 MP: 9/9
  6546 | D:6      | Reached ***** piety under Trog
  6948 | D:5      | Received a gift from Trog
  7448 | D:7      | Reached skill level 8 in Dodging
  8097 | D:8      | Reached skill level 10 in Polearms
  8379 | D:8      | Reached XP level 10. HP: 80/80 MP: 10/10
  8381 | D:8      | Reached skill level 9 in Dodging
  8488 | D:8      | Noticed a red ugly thing
  8502 | D:8      | Killed a red ugly thing
  8607 | D:8      | Found a runed translucent gate.
  8608 | D:8      | Found a runed translucent gate.
  8609 | D:8      | Found a runed translucent gate.
  8609 | D:8      | Noticed TangoThomas's ghost (novice DjEE)
  8609 | D:8      | Noticed a kobold demonologist
  8752 | D:8      | Killed a kobold demonologist
  8788 | D:8      | Killed TangoThomas's ghost
  8899 | D:9      | Reached skill level 10 in Dodging
  9352 | D:9      | Reached XP level 11. HP: 89/89 MP: 11/11
  9399 | D:9      | Noticed a tengu warrior
  9416 | D:9      | Killed a tengu warrior
 10115 | D:10     | Entered Level 10 of the Dungeon
 10160 | D:10     | Noticed Josephine
 10169 | D:10     | Killed Josephine
 10170 | D:10     | Reached skill level 10 in Fighting
 10170 | D:10     | Reached skill level 11 in Dodging
 10213 | D:10     | Paralysed by a hornet for 3 turns
 10385 | D:10     | Found a broken altar of Ashenzari.
 10672 | D:11     | Found Tireev's Book Shop.
 10734 | D:11     | Found a staircase to the Orcish Mines.
 11123 | D:11     | You fall into a shaft and drop 2 floors!
 11140 | D:13     | Received a gift from Trog
 11386 | D:12     | Found Xuchyus's Weapon Boutique.
 11394 | D:12     | Noticed a white ugly thing
 11396 | D:12     | Noticed a cyclops
 11413 | D:12     | Killed a white ugly thing
 11430 | D:12     | Killed a cyclops
 11913 | D:12     | Noticed a boulder beetle
 11928 | D:12     | Killed a boulder beetle
 11929 | D:12     | Reached skill level 12 in Dodging
 11929 | D:12     | Reached skill level 10 in Shields
 11929 | D:12     | Reached XP level 12. HP: 88/99 MP: 12/12
 12309 | D:12     | Noticed a two-headed ogre
 12317 | D:12     | Killed a two-headed ogre
 12526 | D:11     | Noticed a five-headed hydra
 12535 | D:11     | Killed a five-headed hydra
 12856 | D:11     | Found a staircase to the Lair.
 13182 | D:11     | Identified the +1 leather armour of Caamp {rPois Str-5
                  | Int+3 Dex+9}
 13487 | Lair:1   | Entered Level 1 of the Lair of Beasts
 13493 | Lair:1   | You fall into a shaft and drop 1 floor!
 13581 | Lair:2   | Reached skill level 13 in Dodging
 13678 | Lair:1   | Received a gift from Trog
 13716 | Lair:1   | Found a frozen archway.
 13733 | IceCv    | Entered an ice cave
 14020 | IceCv    | Reached XP level 13. HP: 108/108 MP: 13/13
 14636 | IceCv    | Reached skill level 14 in Dodging
 16109 | Lair:2   | Identified the +9 halberd of Ulehicsa {vorpal, *Slow rCorr
                  | Dex+2 Stlth+} (Trog gifted it to you on level 2 of the Lair
                  | of Beasts)
 16109 | Lair:2   | Received a gift from Trog
 16129 | Lair:2   | Reached ****** piety under Trog
 16399 | Lair:2   | Noticed an ice dragon
 16431 | Lair:2   | Killed an ice dragon
 16432 | Lair:2   | Reached XP level 14. HP: 118/118 MP: 14/14
 16964 | Lair:2   | You fall into a shaft and drop 1 floor!
 17031 | Lair:3   | Reached skill level 1 in Evocations
 17076 | Lair:3   | Reached skill level 15 in Dodging
 17387 | Lair:3   | Found a staircase to the Snake Pit.
 17723 | Lair:3   | Found a staircase to the Shoals.
 17999 | Lair:4   | Noticed Urug
 18011 | Lair:4   | Killed Urug
 18200 | Lair:4   | You fall into a shaft and drop 2 floors!
 18200 | Lair:6   | Entered Level 6 of the Lair of Beasts
 18255 | Lair:6   | Slain by a manticore

Illustrated notes

Levels and vault maps discovered:
D:1:      lightli_arrival_lavapool, layout_basic
D:2:      wad_woods_tower, layout_loops_ring,
          hellmonk_ecumenical_altar_dog_temple
D:3:      layout_rooms, mainiacjoe_overflow_tiny_flanked, minmay_joined_circles,
          uniq_robin
D:4:      layout_loops_cross, nzn_wu_jian_contemplation,
          gammafunk_temple_overflow_pools, tso_oasis_becter,
          gup_sewer_entry_spiral
D:5:      minmay_evil_eye, layout_loops_cross, lemuel_doored_altar,
          mainiacjoe_overflow_paths, uniq_grinder
D:6:      minmay_goblin_kobold_castle, layout_basic,
          gammafunk_temple_overflow_wave, minmay_temple_entry_ruins
D:7:      layout_basic, chequers_serial_rivers_large_a,
          minmay_misc_feat_nine_boxes
D:8:      layout_rooms, gammafunk_ghost_nasty_kobolds
D:9:      layout_irregular_city
D:10:     layout_rooms, mainiacjoe_overflow_concentric_impassable,
          uniq_josephine
D:11:     layout_roguey, lair_entry_dummy, minmay_orc_entry_temple_large,
          serial_shops, nicolae_stop_n_shop_1
D:12:     layout_basic, nicolae_stop_n_shop_1, minivault_22, st_stairs_12
D:13:     layout_basic, minmay_the_grid_2x2 [minmay_the_grid_odd_star,
          minmay_the_grid_dragon_a, minmay_the_grid_armoury,
          minmay_the_grid_prize_big_room]
Lair:1:   beast_lair_carwin_large_4, layout_cave_pods,
          portal_ice_cave_entry_pillars_2, guppyfry_lair_drakes
Lair:2:   dragon1_lemuel, layout_layer_cave, forest_entry_grove
Lair:3:   layout_long_grid, minmay_shoals_entry_hut,
          minmay_snake_entry_guardpost_small, minmay_stone_trees_small,
          minivault_25, beast_lair_carwin_1
Lair:4:   layout_misc_corridors, uniq_urug, uniq_nessos
Lair:6:   evilmike_catoblepas_cave, layout_cave_pods,
          minmay_slime_entry_oklob_open

Skill      XL: |  1  2  3  4  5  6  7  8  9 10 11 12 13 14 |
---------------+-------------------------------------------+-----
Dodging        | 1 2 3 4 5 7 8 10 12 13 14 15 | 15.4
Polearms       | 4 5 6 8 10 11 13 14 | 14.7
Fighting       | 4 5 6 8 9 10 12 13 | 13.7
Shields        | 4 5 6 7 8 10 11 12 | 12.7
Armour         | 4 |  4.9
Evocations     | 3 |  3.3

Action                   |  1- 3 |  4- 6 |  7- 9 | 10-12 | 13-15 || total
-------------------------+-------+-------+-------+-------+-------++-------
Melee: Trident           |    90 |       |       |       |       ||    90
       Spear             |     7 |   428 |   324 |       |       ||   759
       Tailslap          |       |    10 |     4 |     1 |    13 ||    28
       Demon trident     |       |       |    94 |   544 |   598 ||  1236
Throw: Dart              |       |       |       |     2 |       ||     2
Invok: Berserk           |       |     1 |    10 |    12 |     6 ||    29
       Trog's Hand       |       |       |     1 |     2 |     2 ||     5
       Brothers in Arms  |       |       |       |     1 |       ||     1
Evoke: Wand              |       |       |       |     5 |       ||     5
       Tin of tremorston |       |       |       |       |     1 ||     1
  Use: Potion            |     1 |     4 |     2 |     3 |     1 ||    11
       Scroll            |       |     9 |     8 |    14 |     6 ||    37
 Stab: Sleeping          |       |       |       |     2 |       ||     2
       Distracted        |       |       |       |     1 |       ||     1
Armor: Scale mail        |    28 |   122 |    30 |       |    50 ||   230
       Ring mail         |       |       |    37 |    49 |    14 ||   100
Dodge: Dodged            |    20 |   108 |   150 |   249 |   248 ||   775
Block: Kite shield       |    47 |   168 |   191 |   248 |   258 ||   912
